 Dungeon Crawl Stone Soup version 0.29.1-15-g9cfb28693d (webtiles) character file.

Game seed: 9359209898033689394

774 Descartes the Shield-Bearer (level 8, -4/51 (61) HPs)
             Began as a Formicid Fighter on May 2, 2023.
             Slain by a wight
             ... wielding a +4 flail
              (6 damage)
             ... on level 5 of the Dungeon.
             The game lasted 00:06:36 (5364 turns).

Descartes the Shield-Bearer (Formicid Fighter)      Turns: 5364, Time: 00:06:36

HP:   -4/51 (61)    AC: 16    Str: 22    XL:     8   Next: 10%
MP:   12/12         EV:  7    Int:  9    God:
Gold: 440           SH:  5    Dex: 13    Spells: 13/13 levels left

rFire   . . .      SeeInvis +   a - +0 war axe
rCold   . . .      Faith    .   c - +0 buckler
rNeg    . . .      Spirit   .   B - +0 chain mail
rPois   .          Reflect  .   (helmet unavailable)
rElec   .          Harm     .   (no cloak)
rCorr   .          Rampage  .   A - +0 pair of gloves
Will    .....                   y - +0 pair of boots
Stlth   ..........              (no amulet)
HPRegen 0.17/turn               j - +4 ring of protection
MPRegen 0.13/turn               (no ring)

@: heavily drained
A: permanent stasis, dig shafts and tunnels, antennae 3, four strong arms
a: Dig, Shaft Self


You were on level 5 of the Dungeon.
You visited 1 branch of the dungeon, and saw 6 of its levels.

You collected 440 gold pieces.

Inventory:

Hand Weapons
 a - a +0 war axe (weapon)
Missiles
 h - 17 poisoned darts
 o - 3 curare-tipped darts
 q - 2 boomerangs
Armour
 b - a +0 scale mail
 c - a +0 buckler (worn)
 y - a +0 pair of boots (worn)
 A - a +0 pair of gloves (worn)
 B - a +0 chain mail (worn)
Jewellery
 j - a +4 ring of protection (left hand)
Wands
 p - a wand of mindburst (20)
 u - a wand of iceblast (9)
 w - a wand of digging (8)
Scrolls
 e - 3 scrolls of brand weapon {unknown}
 g - a scroll of magic mapping {unknown}
 i - a scroll of immolation {unknown}
 l - a scroll of fog {unknown}
 m - 6 scrolls of identify {unknown}
 n - 3 scrolls of enchant armour {unknown}
 s - 3 scrolls of enchant weapon {unknown}
 x - a scroll of torment {unknown}
 C - 2 scrolls of teleportation {unknown}
 D - a scroll of blinking {unknown}
Potions
 d - 2 potions of might
 f - 2 potions of ambrosia {unknown}
 k - 3 potions of curing {unknown}
 r - 2 potions of haste {unknown}
 t - a potion of lignification {unknown}
 v - a potion of attraction {unknown}
 z - a potion of magic {unknown}
 E - a potion of degeneration {unknown}


   Skills:
 + Level 4.8 Fighting
 + Level 3.7 Axes
 + Level 4.8 Armour
 + Level 5.8 Shields
 + Level 3.0 Spellcasting
 + Level 2.5 Translocations
 + Level 2.9 Evocations


You had 13 spell levels left.
You didn't know any spells.
Your spell library was empty.

Dungeon Overview and Level Annotations

Branches:
Dungeon (6/15)
 Temple: D:4-7

Altars:
Kikubaaqudgha
Wu Jian


Innate Abilities, Weirdness & Mutations

You cannot be hasted, slowed, berserked, paralysed or teleported.
You can dig through walls and to a lower floor.
You have a pair of large antennae on your head. (SInv)
Your four strong arms can wield two-handed weapons with a shield.


Message History

No target in view!
No target in view!
Done exploring.
You see here a +0 robe.
There is a stone staircase leading down here.
You climb downwards.
Found a stone staircase leading down.
There is a stone staircase leading up here.
A wight comes into view. It is wielding a +4 morningstar.
The wight hits you but does no damage.
You closely miss the wight. The wight hits you but does no damage.
You are electrocuted!
There is a stone staircase leading up here.
You climb upwards.
There is a stone staircase leading down here.
You climb downwards.
The wight barely misses you. You block the wight's attack.
The wight barely misses you. You block the wight's attack.
The wight barely misses you.
There is a stone staircase leading up here.
The wight hits you with a +4 morningstar!
The wight barely misses you. The wight hits you but does no damage.
The wight hits you with a +6 flail.
You feel drained. The wight hits you but does no damage.
You climb upwards.
There is a stone staircase leading down here.
You extend your mandibles.
You dig through the rock wall.
You feel drained. The wight attacks as you move away!
You block the wight's attack. The wight attacks as you move away!
The wight hits you but does no damage. x2
The wight hits you with a +4 morningstar.
You feel drained.
You dig through the rock wall.
You feel drained. The wight attacks as you move away!
The wight hits you with a +4 morningstar!
You feel drained.
* * * LOW HITPOINT WARNING * * *
The wight attacks as you move away! The wight hits you with a +4 flail!
* * * LOW HITPOINT WARNING * * *
You feel drained.
You die...

### ##### ##.#### #.<.# #.....#
##...# #.....## #....## ##...z.#
###.....# ###
#...z####.......### ##.#
#..zz@............###
###..###...z#..............##
#..................#........#
##...#.......................
##......##...............#..#
##.#.....................#####
##..#...#.................#
#......##...............#.#####
####......#.........#.........#.


You could see 5 wights.

Vanquished Creatures
  A black bear (D:5)
  An ogre (D:4)
  A scorpion (D:4)
  A vampire bat (D:4)
  A hound (D:4)
  A jelly (D:5)
  6 orc priests
  3 iguanas
  An orc wizard (D:5)
  8 adders
  A white imp (D:5)
  An ufetubus (D:5)
  2 dart slugs
  15 orcs
  A bat skeleton (D:4)
  3 bat zombies (D:4)
  An endoplasm (D:2)
  A giant cockroach (D:4)
  3 goblins
  5 hobgoblins
  3 jackals (D:5)
  2 quokkas
  10 ball pythons
  3 bats
  A frilled lizard (D:3)
  7 kobolds
  2 rats
85 creatures vanquished.

Notes
Turn   | Place    | Note
-------+----------+-------------------------------------------
     0 | D:1      | Descartes the Formicid Fighter began the quest for the Orb.
     0 | D:1      | Reached XP level 1. HP: 18/18 MP: 1/1
   146 | D:1      | Found a faded altar of an unknown god.
   352 | D:1      | Reached XP level 2. HP: 23/24 MP: 2/2
   711 | D:2      | Reached XP level 3. HP: 18/29 MP: 2/4
  1245 | D:2      | Reached skill level 1 in Spellcasting
  1245 | D:2      | Reached XP level 4. HP: 25/36 MP: 5/5
  2070 | D:3      | Reached skill level 1 in Translocations
  2469 | D:3      | You fall into a shaft and drop 2 floors!
  2469 | D:5      | Entered Level 5 of the Dungeon
  2489 | D:5      | Reached skill level 1 in Evocations
  2489 | D:5      | Reached XP level 5. HP: 39/42 MP: 5/7
  2783 | D:5      | Reached XP level 6. HP: 33/48 MP: 8/8
  2958 | D:4      | Reached skill level 5 in Shields
  3204 | D:3      | Found an ornate altar of the Wu Jian Council.
  3710 | D:4      | Found an ancient bone altar of Kikubaaqudgha.
  3799 | D:4      | Reached XP level 7. HP: 49/54 MP: 10/10
  5137 | D:5      | Reached XP level 8. HP: 54/61 MP: 12/12
  5364 | D:5      | HP: 2/53 [wight/+4 flail (12)]
  5364 | D:5      | Slain by a wight

Illustrated notes

Levels and vault maps discovered:
D:1:      amcnicky_arrival_single_pillar, layout_basic, basic_ecumenical_altar
D:2:      layout_loops_corners, minmay_bisected
D:3:      layout_loops_ring, nzn_wu_jian_council_hall
D:4:      cheibrodos_pilgrimage, layout_basic, kennysheep_vampire_church,
          feat_on_display
D:5:      layout_cave_pools, hangedman_decor_peaks_small
D:6:      layout_rooms, hangedman_abyss_or_decor_jellyfish_corner,
          serial_bayou_pond_a, uniq_duvessa

Skill      XL: |  1  2  3  4  5  6  7  8 |
---------------+-------------------------+-----
Spellcasting   | 1 2 3 |  3.0
Translocations | 1 2 |  2.5
Evocations     | 1 2 |  2.9
Fighting       | 4 |  4.8
Armour         | 4 |  4.8
Shields        | 5 |  5.8
Axes           | 3 |  3.7

Action                   |  1- 3 |  4- 6 |  7- 9 || total
-------------------------+-------+-------+-------++-------
Melee: War axe           |    51 |   117 |    79 ||   247
 Abil: Dig               |       |       |     1 ||     1
Armor: Scale mail        |    29 |    95 |     1 ||   125
       Chain mail        |       |       |    71 ||    71
Dodge: Dodged            |    28 |    68 |    31 ||   127
Block: Buckler           |    15 |    36 |    18 ||    69
